 Dungeon Crawl Stone Soup version 0.27.1-15-g792fb953b9 (webtiles) character file.

Game seed: 8180258532085990891

130 Johnson the Digger (level 5, 0/28 HPs)
             Began as a Gargoyle Earth Elementalist on Nov 19, 2021.
             Killed by divine providence
             ... invoked by an orc priest
              (17 damage)
             ... on level 3 of the Dungeon.
             The game lasted 00:18:46 (2744 turns).

Johnson the Digger (Gargoyle Earth Elementalist)    Turns: 2744, Time: 00:18:46

Health: 0/28       AC:  6    Str: 11    XL:     5   Next: 13%
Magic:  10/10      EV: 11    Int: 23    God:
Gold:   183        SH:  0    Dex: 10    Spells: 9/10 levels left

rFire    . . .     SeeInvis .   e - +0 dagger
rCold    . . .     Faith    .   (no shield)
rNeg     + . .     Spirit   .   b - +0 robe
rPois    ∞         Reflect  .   (no helmet)
rElec    +         Harm     .   (no cloak)
rCorr    .         Rampage  .   (no gloves)
Will     .....                  (no boots)
Stlth    ++........             (no amulet)
HPRegen  0.09/turn              j - +6 ring of intelligence
MPRegen  0.12/turn              (no ring)

@: no status effects
A: sickness immunity, AC +4, negative energy resistance 1, electricity
resistance, torment resistance 1, petrification resistance
a: no special abilities


You were on level 3 of the Dungeon.
You visited 1 branch of the dungeon, and saw 3 of its levels.

You collected 183 gold pieces.

Inventory:

Hand Weapons
 e - a +0 dagger (weapon)
Missiles
 i - 39 stones (quivered)
Armour
 b - a +0 robe (worn)
Jewellery
 j - a +6 ring of intelligence (left hand)
Scrolls
 a - a scroll of fog {unknown}
 c - a scroll of fear {unknown}
 d - a scroll of identify {unknown}
 g - 2 scrolls of noise {unknown}
 h - a scroll of silence {unknown}


   Skills:
 - Level 1.5 Dodging
 - Level 2.1 Stealth
 + Level 3.3 Spellcasting
 * Level 1.5 Conjurations
 - Level 0.7 Transmutations
 + Level 5.3 Earth Magic


You had 9 spell levels left.
You knew the following spells:

 Your Spells              Type           Power      Damage    Failure   Level
a - Sandblast             Erth           56%        2d13      1%          1

Your spell library contained the following spells:

 Spells                   Type           Power      Damage    Failure   Level
 Passwall                 Tmut/Erth      14%        N/A       4%          2
 Stone Arrow              Conj/Erth      38%        3d9       9%          3
 Petrify                  Tmut/Erth      17%        N/A       32%         4


Dungeon Overview and Level Annotations

Branches:
Dungeon (3/15)

Altars:
Okawaru


Innate Abilities, Weirdness & Mutations

You are immune to sickness and miasma.
Your stone body is resilient. (AC +4)
You are immune to poison.
You resist negative energy. (rN+)
You are resistant to electric shocks. (rElec)
You are resistant to unholy torment.
You are immune to petrification.


Message History

You throw a poisoned dart. The poisoned dart hits the orc.
The orc is poisoned.
An orc comes into view. It is wielding a +0 dagger.
Throw: 4 darts (poison)
Press: ? - help, Q - select action, (/) - cycle Shift-Dir - straight line, f/p - orc
Aim: an orc, wielding a +0 mace (poisoned, 54% to hit)
You throw a poisoned dart. The poisoned dart hits the orc.
The orc looks even sicker.
Throw: 3 darts (poison)
Press: ? - help, Q - select action, (/) - cycle Shift-Dir - straight line, f/p - orc
Aim: an orc, wielding a +0 mace (moderately wounded, very poisoned, 54% to hit)
You throw a poisoned dart.
The poisoned dart closely misses the orc.
Throw: 2 darts (poison)
Press: ? - help, Q - select action, (/) - cycle Shift-Dir - straight line, f - orc, p - orc
Aim: an orc, wielding a +0 mace and wearing a +0 leather armour (54% to hit)
You throw a poisoned dart.
The poisoned dart barely misses the orc.
The poisoned dart hits the orc.
The orc is poisoned.
An orc comes into view. It is wielding a +0 flail.
Throw: dart (poison)
Press: ? - help, Q - select action, (/) - cycle Shift-Dir - straight line, f - orc, p - orc
Aim: an orc, wielding a +0 dagger and wearing a +0 leather armour (54% to hit)
You throw a poisoned dart.
The poisoned dart barely misses the orc.
The poisoned dart hits the orc.
The orc looks even sicker.
The orc completely misses you.
You kill the orc!
Throw: 40 stones
Press: ? - help, Q - select action, (/) - cycle Shift-Dir - straight line, f - orc
Aim: an orc, wielding a +0 mace and wearing a +0 leather armour (heavily wounded, very poisoned, 54% to hit)
You throw a stone. The stone closely misses the orc.
The orc priest invokes the aid of Beogh against you.
Beogh smites you!
You kill the orc!
Items here: ) [ ††.
Items here: )) [ ††.
The orc priest mumbles some strange prayers to Beogh against you.
Beogh smites you!
Ouch! That really hurt!
You die...

#.......# .###.#######
#...o...# #..........#
#.......# #.#.♣.♣.#.#
####o#### #.........#
#######.# ##.♣.♣.♣.♣.#
#.....))# #....._....##
#.#####.# #..♣.♣.♣.♣..#
#.#####)#######...........#
.>......o....@...#.♣.♣.#..#
#.###.#.#.######..........#
#.##.##.##.#
#......##.#.####
#.......##.#
#.###..##.......
####.#...#.#
#.###<.########. ##.....##
#........####### ##...##
#..............# #####
#...# ##.####.#######.#
...# #...# #..##.....# #.#


You could see an orc priest.

Vanquished Creatures
  An orc wizard (D:3)
  3 adders
  An adder skeleton (D:3)
  A worm (D:3)
  A dart slug (D:1)
  8 orcs
  2 bats (D:1)
  5 endoplasms
  3 giant cockroaches
  5 goblins
  9 hobgoblins
  3 kobolds
  3 quokkas
  5 ball pythons
  3 frilled lizards
  5 rats
58 creatures vanquished.

Vanquished Creatures (others)
  3 fungi (D:3)
3 creatures vanquished.

Grand Total: 61 creatures vanquished

Notes
Turn   | Place    | Note
-------+----------+-------------------------------------------
     0 | D:1      | Johnson the Gargoyle Earth Elementalist began the quest for
                  | the Orb.
     0 | D:1      | Reached XP level 1. HP: 10/10 MP: 3/3
   215 | D:1      | Reached skill level 4 in Earth Magic
   308 | D:1      | Reached XP level 2. HP: 15/15 MP: 3/5
   713 | D:1      | Reached XP level 3. HP: 17/19 MP: 1/6
  1433 | D:2      | Found a faded altar of an unknown god.
  1467 | D:2      | Reached XP level 4. HP: 24/24 MP: 8/8
  2109 | D:2      | Reached skill level 1 in Conjurations
  2109 | D:2      | Reached skill level 5 in Earth Magic
  2376 | D:3      | Found an iron altar of Okawaru.
  2647 | D:3      | Reached XP level 5. HP: 28/28 MP: 2/10
  2744 | D:3      | Killed from afar by an orc priest

Illustrated notes

Levels and vault maps discovered:
D:1:      lightli_arrival_noodles, layout_basic, minmay_misc_feat_room
D:2:      layout_loops_ring, ebering_ecumenical_altar_ruins, minivault_25,
          chequers_serial_rivers_large_a, serial_park_tiny_pond,
          grunt_ministairs_9
D:3:      layout_loops_cross, worldfamousw_hep_ancestral_shrine,
          okawaru_trees_1, mainiacjoe_overflow_chevrons, guppyfry_early_orc_mine

Skill      XL: |  1  2  3  4 |
---------------+-------------+-----
Earth Magic    | 4 5 |  5.3
Conjurations   | 1 |  1.5
Spellcasting   | 3 |  3.3
Dodging        | |  1.5
Stealth        | |  2.1
Transmutations | |  0.7

Action                   |  1- 3 |  4- 6 || total
-------------------------+-------+-------++-------
Melee: Dagger            |    20 |    42 ||    62
Throw: Stone             |     3 |     1 ||     4
       Dart              |    21 |    29 ||    50
 Cast: Sandblast         |    39 |    20 ||    59
Armor: Robe              |    16 |    10 ||    26
Dodge: Dodged            |    14 |    36 ||    50
